[Event "ICC tourney 2417 (40 10)"]
[Site "Internet Chess Club"]
[Date "2021.02.28"]
[Round "2"]
[White "HE, HENRY:wangfang75"]
[Black "BERKLEY, DARRIN K:drberkley"]
[Result "1-0"]
[ICCResult "Black resigns"]
[WhiteElo "1838"]
[BlackElo "1955"]
[Opening "Pirc: classical (two knights) system"]
[ECO "B08"]
[NIC "PU.10"]
[Time "13:16:56"]
[PlyCount "95"]
[TimeControl "2400+10"]

1. e4 d6 2. d4 Nf6 3. Nc3 g6 4. Nf3 Bg7 5. Bc4 O-O 6. O-O Nxe4 7. Bxf7+
Rxf7 8. Nxe4 d5 9. Neg5 Rf8 10. Re1 Qd6 11. Ne5 Nc6 12. Nxc6 Qxc6 13. Rxe7
Qf6 14. Qe2 Bg4 15. Qe1 Qxd4 16. h3 Bf5 17. g4 h6 18. gxf5 hxg5 19. Qe6+
Kh8 20. Qxg6 Qf6 21. Rxc7 Qxg6 22. fxg6 Rf6 23. Rxb7 Rxg6 24. Rd7 d4 25.
Bd2 Rc8 26. Rc1 Rb6 27. Bxg5 Rxb2 28. Rxa7 d3 29. a4 Rbxc2 30. Rd1 Bd4 31.
Rf7 Rg8 32. h4 d2 33. Kh2 Be5+ 34. Kh3 Rc3+ 35. f3 Ra3 36. Rxd2 Rxa4 37.
Rd5 Bg7 38. Bf6 Kh7 39. Rg5 Ra3 40. Bxg7 Rxg7 41. Rfxg7+ Kh6 42. Kg4 Ra4+
43. Kf5 Ra5+ 44. Ke4 Ra4+ 45. Ke3 Rxh4 46. R5g6+ Kh5 47. Rh7+ Kxg6 48. Rxh4
{ Black resigns } 1-0

[Event "ICC tourney 2417 (40 10)"]
[Site "Internet Chess Club"]
[Date "2021.02.28"]
[Round "2"]
[White "GUSEINOV, GADIR:GGuseinov"]
[Black "Poliannikov, Danila:dopolian"]
[Result "1-0"]
[ICCResult "Black resigns"]
[WhiteElo "2715"]
[BlackElo "2266"]
[Opening "Ruy Lopez: Anderssen variation"]
[ECO "C77"]
[NIC "RL.12"]
[Time "13:17:29"]
[PlyCount "83"]
[TimeControl "2400+10"]

1. e4 e5 2. Nf3 Nc6 3. Bb5 a6 4. Ba4 Nf6 5. d3 b5 6. Bb3 Be7 7. O-O d6 8.
a4 Na5 9. Ba2 b4 10. Nbd2 c5 11. Nc4 Nxc4 12. Bxc4 O-O 13. c3 Rb8 14. a5
Qc7 15. Qe2 Qc6 16. Re1 Be6 17. d4 Bxc4 18. Qxc4 exd4 19. Nxd4 Qd7 20. Nf5
d5 21. Nxe7+ Qxe7 22. Qxa6 bxc3 23. bxc3 Nxe4 24. f3 Qh4 25. Be3 Nxc3 26.
Bxc5 Rfe8 27. Bf2 Rxe1+ 28. Rxe1 Qd8 29. Bb6 Qh4 30. Bf2 Qd8 31. Bb6 Qh4
32. g3 Qf6 33. Qd3 Qc6 34. Kg2 Na4 35. Bd4 h6 36. a6 Ra8 37. a7 Nb6 38. Qa6
Qc2+ 39. Bf2 Nd7 40. Qb7 Qc8 41. Qxc8+ Rxc8 42. Re7 { Black resigns } 1-0

[Event "ICC tourney 2417 (40 10)"]
[Site "Internet Chess Club"]
[Date "2021.02.28"]
[Round "2"]
[White "WANG, JEFFERY:creativechesski"]
[Black "LESCHINSKY, GARY:GLeschinsky"]
[Result "1/2-1/2"]
[ICCResult "Game drawn because neither player has mating material"]
[WhiteElo "1890"]
[BlackElo "2106"]
[Opening "Caro-Kann: advance variation"]
[ECO "B12"]
[NIC "CK.04"]
[Time "13:16:56"]
[PlyCount "191"]
[TimeControl "2400+10"]

1. e4 c6 2. d4 d5 3. e5 Bf5 4. Nf3 e6 5. Be2 h6 6. O-O Ne7 7. Nbd2 Bh7 8.
Nb3 Nf5 9. Bd2 Be7 10. h3 O-O 11. a4 Nd7 12. Re1 c5 13. c3 a6 14. Bf1 c4
15. Nc1 b5 16. g4 Nh4 17. Nxh4 Bxh4 18. Bg2 f6 19. Qe2 fxe5 20. Rf1 Qf6 21.
dxe5 Qxe5 22. Qxe5 Nxe5 23. axb5 Nd3 24. bxa6 Bxf2+ 25. Kh2 Nxb2 26. Be1
Bc5 27. Rxf8+ Kxf8 28. Ne2 Nd3 29. Bg3 Bb6 30. Bd6+ Ke8 31. Nf4 Kd7 32.
Nxd3 Bxd3 33. Be5 Bc7 34. Bxc7 Kxc7 35. a7 Kd6 36. Ra6+ Ke5 37. Kg3 Bg6 38.
Kf2 Be8 39. Ke3 Bd7 40. Ra5 Kd6 41. h4 Kc7 42. Kd4 Kb6 43. Ra2 g5 44. hxg5
hxg5 45. Ke5 Rxa7 46. Rxa7 Kxa7 47. Kf6 Kb6 48. Kxg5 Kc5 49. Kf6 Kd6 50. g5
e5 51. g6 Be6 52. g7 d4 53. Bf3 dxc3 54. Be4 Bg8 55. Bc2 Kd5 56. Ke7 e4 57.
Bd1 e3 58. Kf8 Bh7 59. Bc2 Bg8 60. Kxg8 e2 61. Kh7 e1=Q 62. g8=Q+ Kc5 63.
Qc8+ Kb4 64. Qb7+ Ka3 65. Qa6+ Kb2 66. Bg6 Qh4+ 67. Kg7 Qd4+ 68. Kh7 Qh4+
69. Kg7 Qe7+ 70. Kh6 Qb4 71. Qf6 Kb3 72. Qf2 Qa3 73. Bc2+ Kb2 74. Bd3+ Kb3
75. Bc2+ Kb2 76. Ba4+ Kb1 77. Qc2+ Ka1 78. Qd1+ Ka2 79. Qe2+ Qb2 80. Qxc4+
Ka3 81. Bc6 Qd2+ 82. Kg6 c2 83. Qa4+ Kb2 84. Qb5+ Kc1 85. Qf1+ Qd1 86. Qf4+
Kb1 87. Qb4+ Ka1 88. Qa4+ Kb2 89. Qb4+ Kc1 90. Qf4+ Qd2 91. Qf1+ Kb2 92.
Qb5+ Kc3 93. Qa5+ Kd3 94. Be4+ Ke3 95. Qxd2+ Kxd2 96. Bxc2 { Game drawn
because neither player has mating material } 1/2-1/2

[Event "ICC tourney 2417 (40 10)"]
[Site "Internet Chess Club"]
[Date "2021.02.28"]
[Round "2"]
[White "KATSMAN, DAVID:davika21"]
[Black "PANG, ASHLEY:redhawk2020"]
[Result "1/2-1/2"]
[ICCResult "Black stalemated"]
[WhiteElo "1883"]
[BlackElo "1954"]
[Opening "Sicilian: Alapin's variation (2.c3)"]
[ECO "B22"]
[NIC "SI.46"]
[Time "13:16:57"]
[PlyCount "183"]
[TimeControl "2400+10"]

1. e4 c5 2. c3 d5 3. exd5 Qxd5 4. d4 e6 5. Nf3 Nf6 6. Be2 Nc6 7. O-O cxd4
8. cxd4 Be7 9. Nc3 Qd6 10. h3 O-O 11. Be3 Nb4 12. Ne5 Nbd5 13. Bf3 Nxe3 14.
fxe3 Nd5 15. Qd3 Bf6 16. Nc4 Qd8 17. Rad1 b6 18. e4 Nb4 19. Qd2 Bg5 20. Qe2
Ba6 21. a4 Rc8 22. Nb5 Bxb5 23. axb5 Qc7 24. b3 Rfd8 25. Qb2 Qd7 26. Ne5
Be3+ 27. Kh1 Qxb5 28. Nxf7 Bxd4 29. Qd2 Rd7 30. Be2 Qc5 31. Rc1 Nc2 32. Bg4
Re7 33. b4 Qc7 34. Rxc2 Qxc2 35. Qxd4 Qc4 36. Qxc4 Rxc4 37. Ng5 Rc6 38. Rd1
g6 39. e5 h5 40. Bf3 Rc4 41. g4 hxg4 42. Bxg4 Rxb4 43. Rd8+ Kg7 44. Nxe6+
Kh7 45. Rd7 Rxd7 46. Nf8+ Kg7 47. Nxd7 Kf7 48. e6+ Ke7 49. Ne5 Rb1+ 50. Kg2
a5 51. Nc6+ Kd6 52. e7 Re1 53. Kf2 Rxe7 54. Nxe7 Kxe7 55. Ke3 b5 56. Kd4 b4
57. Kc4 Kf6 58. Kb3 g5 59. Ka4 Ke5 60. Bd1 Kf4 61. Bg4 Kg3 62. Be6 Kf4 63.
Kxa5 Ke5 64. Bb3 Kf4 65. Kxb4 Ke5 66. Kc3 Kf4 67. Kd4 Kf5 68. Bd1 Kg6 69.
Ke5 Kg7 70. Ke6 Kh8 71. Kf6 Kg8 72. Kg6 Kh8 73. Bc2 Kg8 74. Bd3 Kh8 75. Kf6
Kg8 76. Bb5 Kh8 77. Be8 Kg8 78. Kg6 Kh8 79. Kh6 Kg8 80. Bg6 Kh8 81. Bh7 g4
82. h4 g3 83. Be4 g2 84. Bxg2 Kg8 85. h5 Kh8 86. Be4 Kg8 87. Bh7+ Kh8 88.
Kg5 Kxh7 89. h6 Kh8 90. Kg6 Kg8 91. h7+ Kh8 92. Kh6 { Black stalemated }
1/2-1/2

[Event "ICC tourney 2417 (40 10)"]
[Site "Internet Chess Club"]
[Date "2021.02.28"]
[Round "3"]
[White "PANG, ASHLEY:redhawk2020"]
[Black "REMPE, MIEKE:MChessy"]
[Result "1-0"]
[ICCResult "Black resigns"]
[WhiteElo "1954"]
[BlackElo "1900"]
[Opening "Caro-Kann: advance variation"]
[ECO "B12"]
[NIC "CK.04"]
[Time "15:31:15"]
[PlyCount "41"]
[TimeControl "2400+10"]

1. e4 c6 2. d4 d5 3. e5 Bf5 4. Nd2 e6 5. Nb3 Nd7 6. Nf3 Qc7 7. Bf4 c5 8.
dxc5 Nxc5 9. Nfd4 Nxb3 10. Bb5+ Kd8 11. axb3 Bg6 12. O-O Bc5 13. c4 Ne7 14.
Qd2 Bxd4 15. Qxd4 Nf5 16. Qd2 Qc5 17. Bg5+ Ne7 18. Be3 Qc7 19. Bxa7 Rc8 20.
c5 Nf5 21. Bb6 { Black resigns } 1-0

[Event "ICC tourney 2417 (40 10)"]
[Site "Internet Chess Club"]
[Date "2021.02.28"]
[Round "3"]
[White "KERR, JOSHUA MORGAN:AbleCompany"]
[Black "HE, HENRY:wangfang75"]
[Result "0-1"]
[ICCResult "White resigns"]
[WhiteElo "1668"]
[BlackElo "1838"]
[Opening "QGD: Neo-orthodox variation, 7.Bh4"]
[ECO "D56"]
[NIC "QO.16"]
[Time "15:31:12"]
[PlyCount "80"]
[TimeControl "2400+10"]

1. d4 d5 2. c4 e6 3. Nc3 Nf6 4. Nf3 Be7 5. Bg5 h6 6. Bh4 O-O 7. e3 Nbd7 8.
Bd3 dxc4 9. Bxc4 Nb6 10. Bd3 Nfd5 11. Bg3 c5 12. O-O cxd4 13. exd4 Bf6 14.
Rc1 g6 15. Ne4 Bg7 16. Nd6 Nb4 17. Bb1 f5 18. Nxc8 Rxc8 19. Be5 Qd5 20. a3
Rxc1 21. Qxc1 Nc6 22. Bxg7 Kxg7 23. Qc5 Rd8 24. Qxd5 Rxd5 25. Ba2 Rd6 26.
Re1 Kf6 27. h3 Nd5 28. g3 Nc7 29. a4 Nxd4 30. Nxd4 Rxd4 31. Rc1 Rxa4 32.
Rxc7 Rxa2 33. Rxb7 a5 34. Rb3 Ke5 35. Kf1 Kd4 36. Ke2 a4 37. Rd3+ Kc4 38.
Rd2 Kb3 39. Rd3+ Kxb2 40. Rd2+ Kb3 { White resigns } 0-1

[Event "ICC tourney 2417 (40 10)"]
[Site "Internet Chess Club"]
[Date "2021.02.28"]
[Round "3"]
[White "BECKER, ALLEN J:bozone"]
[Black "LEVIN, EVGENY A:Assured"]
[Result "0-1"]
[ICCResult "White resigns"]
[WhiteElo "2071"]
[BlackElo "2577"]
[Opening "French: Tarrasch, Eliskases variation"]
[ECO "C07"]
[NIC "FR.18"]
[Time "15:32:07"]
[PlyCount "54"]
[TimeControl "2400+10"]

1. e4 e6 2. d4 d5 3. Nd2 c5 4. Ngf3 cxd4 5. exd5 Qxd5 6. Bc4 Qd8 7. O-O a6
8. Nb3 Qc7 9. Bd3 Nc6 10. Nbxd4 Nxd4 11. Nxd4 Bd6 12. h3 Ne7 13. Qe2 O-O
14. c3 e5 15. Nf3 f6 16. Rd1 Be6 17. Bxh7+ Kxh7 18. Qd3+ Nf5 19. g4 Rad8
20. Qc2 Bc5 21. Rxd8 Rxd8 22. Be3 Bxe3 23. fxe3 e4 24. Qxe4 Qg3+ 25. Kh1
Qxh3+ 26. Kg1 Qg3+ 27. Kh1 Bd5 { White resigns } 0-1

[Event "ICC tourney 2417 (40 10)"]
[Site "Internet Chess Club"]
[Date "2021.02.28"]
[Round "3"]
[White "Poliannikov, Danila:dopolian"]
[Black "BEEGALA, KESHAV:chessfirelord"]
[Result "1-0"]
[ICCResult "Black resigns"]
[WhiteElo "2266"]
[BlackElo "1674"]
[Opening "Sicilian: accelerated fianchetto, Maróczy bind, 5...Bg7"]
[ECO "B37"]
[NIC "SI.33"]
[Time "15:31:14"]
[PlyCount "71"]
[TimeControl "2400+10"]

1. e4 c5 2. Nf3 Nc6 3. d4 cxd4 4. Nxd4 g6 5. c4 Bg7 6. Nc2 d6 7. Be2 Nf6 8.
Nc3 Bd7 9. O-O Rc8 10. b3 O-O 11. Be3 a6 12. Qd2 Re8 13. Rac1 Qa5 14. a3
Qd8 15. f3 Ne5 16. Bf2 Bc6 17. Nd5 Bxd5 18. exd5 b6 19. Nd4 h5 20. h3 Ned7
21. Rfe1 Kh7 22. Be3 Nc5 23. b4 Nb7 24. f4 Ne4 25. Qd3 Bxd4 26. Qxd4 f5 27.
Qxb6 Qxb6 28. Bxb6 Nd8 29. c5 dxc5 30. bxc5 Nb7 31. Bxa6 Nexc5 32. Bxc5
Nxc5 33. Bxc8 Nd3 34. d6 Nxe1 35. d7 Rd8 36. Rxe1 { Black resigns } 1-0

[Event "ICC tourney 2417 (40 10)"]
[Site "Internet Chess Club"]
[Date "2021.02.28"]
[Round "3"]
[White "SHANKAR, PRANAV:pianoboy"]
[Black "TANAKA, TYLER TAIRA:Moon-stone123"]
[Result "0-1"]
[ICCResult "White resigns"]
[WhiteElo "1914"]
[BlackElo "2290"]
[Opening "King's Indian: Makagonov system (5.h3)"]
[ECO "E71"]
[NIC "KI.20"]
[Time "15:32:07"]
[PlyCount "54"]
[TimeControl "2400+10"]

1. d4 Nf6 2. c4 g6 3. Nc3 Bg7 4. e4 d6 5. h3 O-O 6. Nf3 Na6 7. Bf4 Qe8 8.
Be2 e5 9. dxe5 Nh5 10. Be3 dxe5 11. a3 Nf4 12. Bf1 c6 13. c5 Qe7 14. b4 f5
15. Qc2 Kh8 16. Rd1 Nc7 17. Nd2 Nxg2+ 18. Bxg2 f4 19. Ke2 Be6 20. Na4 fxe3
21. fxe3 Qg5 22. Bf3 Bh6 23. Nf1 Rxf3 24. Kxf3 Rf8+ 25. Ke2 Qg2+ 26. Kd3
Qxh1 27. Qc3 Bg7 { White resigns } 0-1

[Event "ICC tourney 2417 (40 10)"]
[Site "Internet Chess Club"]
[Date "2021.02.28"]
[Round "3"]
[White "YAN, NATHAN:Natey"]
[Black "WANG, JEFFERY:creativechesski"]
[Result "1-0"]
[ICCResult "Black checkmated"]
[WhiteElo "1853"]
[BlackElo "1890"]
[Opening "Ruy Lopez: closed, Breyer, Borisenko variation"]
[ECO "C95"]
[NIC "RL.25"]
[Time "15:32:07"]
[PlyCount "93"]
[TimeControl "2400+10"]

1. e4 e5 2. Nf3 Nc6 3. Bb5 a6 4. Ba4 Nf6 5. O-O Be7 6. Re1 b5 7. Bb3 O-O 8.
c3 d6 9. h3 Nb8 10. d4 Nbd7 11. Nbd2 c5 12. a4 Bb7 13. d5 c4 14. Bc2 Qc7
15. Nf1 Rfb8 16. Ng3 g6 17. Bh6 Bf8 18. Qd2 Qd8 19. Nh4 Bc8 20. a5 Nc5 21.
Qg5 Bd7 22. Bxf8 Kxf8 23. Re3 Ng8 24. Qxd8+ Rxd8 25. Rf1 Ne7 26. Ne2 Rab8
27. Nf3 b4 28. Nd2 b3 29. Bb1 Bb5 30. f4 Kg7 31. fxe5 dxe5 32. Ref3 Rf8 33.
Ng3 Na4 34. d6 Nc6 35. R1f2 Rbd8 36. Ndf1 Rxd6 37. Ne3 Rd7 38. Nd5 Nxa5 39.
h4 Rfd8 40. Kh2 f5 41. exf5 Rxd5 42. fxg6 hxg6 43. Rf7+ Kh6 44. R2f6 Rg8
45. Nf5+ Kh5 46. Rh7+ Kg4 47. Ne3# { Black checkmated } 1-0

[Event "ICC tourney 2417 (40 10)"]
[Site "Internet Chess Club"]
[Date "2021.02.28"]
[Round "3"]
[White "GOODMAN, HAYES N:MateOnF7"]
[Black "UDOVENKO, DANIEL ALEXANDER:DanielA1926"]
[Result "1-0"]
[ICCResult "Black resigns"]
[WhiteElo "1884"]
[BlackElo "1782"]
[Opening "Sicilian: Scheveningen (Paulsen), classical variation"]
[ECO "B84"]
[NIC "SI.23"]
[Time "15:31:14"]
[PlyCount "47"]
[TimeControl "2400+10"]

1. e4 c5 2. Nf3 d6 3. d4 cxd4 4. Nxd4 Nf6 5. Nc3 a6 6. Be2 e6 7. Be3 Be7 8.
f3 b5 9. O-O Bb7 10. Qe1 Nbd7 11. Qg3 g6 12. Bh6 Qb6 13. Qf2 Qc7 14. a4 b4
15. Na2 d5 16. exd5 Nxd5 17. c4 Nf4 18. Nb3 Qe5 19. Bxf4 Qxf4 20. c5 Qe5
21. Nxb4 Bg5 22. f4 Bxf4 23. Qxf4 Qxe2 24. c6 { Black resigns } 1-0

[Event "ICC tourney 2417 (40 10)"]
[Site "Internet Chess Club"]
[Date "2021.02.28"]
[Round "3"]
[White "Gagliano, Ethan A:Percy101"]
[Black "BERKLEY, DARRIN K:drberkley"]
[Result "0-1"]
[ICCResult "White resigns"]
[WhiteElo "1898"]
[BlackElo "1955"]
[Opening "Pirc: Austrian attack"]
[ECO "B09"]
[NIC "PU.06"]
[Time "15:32:07"]
[PlyCount "58"]
[TimeControl "2400+10"]

1. e4 d6 2. d4 Nf6 3. Nc3 g6 4. f4 Bg7 5. Nf3 O-O 6. Be2 a6 7. a4 Nc6 8.
O-O Bg4 9. Be3 Bxf3 10. Bxf3 e5 11. fxe5 dxe5 12. d5 Nd4 13. Bxd4 exd4 14.
Qxd4 Re8 15. Qd2 Qd6 16. Rae1 Re7 17. Kh1 Rae8 18. Qf2 Qb4 19. Nd1 Qxa4 20.
Re3 Qd7 21. Qh4 Qa4 22. b3 Qb4 23. Rfe1 Nxd5 24. Rd3 Nf6 25. c4 Nd7 26. Qf2
Ne5 27. Rd5 Qxb3 28. Re3 Qxc4 29. Rc3 Qb4 { White resigns } 0-1

[Event "ICC tourney 2417 (40 10)"]
[Site "Internet Chess Club"]
[Date "2021.02.28"]
[Round "3"]
[White "LESCHINSKY, GARY:GLeschinsky"]
[Black "KATSMAN, DAVID:davika21"]
[Result "1-0"]
[ICCResult "Black resigns"]
[WhiteElo "2106"]
[BlackElo "1883"]
[Opening "QGD: exchange, positional line"]
[ECO "D35"]
[NIC "QO.16"]
[Time "15:31:20"]
[PlyCount "95"]
[TimeControl "2400+10"]

1. d4 d5 2. c4 e6 3. Nc3 Nf6 4. cxd5 exd5 5. Bg5 Be7 6. e3 c6 7. Bd3 O-O 8.
Nge2 Nbd7 9. O-O Re8 10. Qc2 Nf8 11. Bh4 h6 12. f3 Ne6 13. Bf2 Bd7 14. h3
c5 15. Rac1 Rc8 16. Qb1 a6 17. a3 c4 18. Bf5 Nc7 19. Bc2 b5 20. e4 Bc6 21.
e5 Nd7 22. f4 a5 23. Nd1 Nf8 24. Ne3 b4 25. axb4 axb4 26. Nf5 Bd7 27. Nxe7+
Qxe7 28. f5 b3 29. Bd1 Qg5 30. Ng3 g6 31. Rc3 Bxf5 32. Nxf5 Qxf5 33. Qc1 h5
34. Rf3 Qd7 35. Bh4 Nce6 36. Qh6 Ng7 37. Rxf7 Qxf7 38. Rxf7 Kxf7 39. Bf3
Nfe6 40. Bxd5 c3 41. bxc3 b2 42. Be4 Nf8 43. Qd2 Rb8 44. Bb1 Nf5 45. Bf6
Nd7 46. g4 hxg4 47. hxg4 Ne7 48. Ba2+ { Black resigns } 1-0

[Event "ICC tourney 2417 (40 10)"]
[Site "Internet Chess Club"]
[Date "2021.02.28"]
[Round "3"]
[White "TSAY, VINCENT:coolsportsguy"]
[Black "MASSICK, LAINE:Laine23"]
[Result "1/2-1/2"]
[ICCResult "Game drawn by mutual agreement"]
[WhiteElo "2333"]
[BlackElo "1920"]
[Opening "Queen's pawn: London system"]
[ECO "A45"]
[NIC "QP.07"]
[Time "15:32:07"]
[PlyCount "118"]
[TimeControl "2400+10"]

1. d4 Nf6 2. Bf4 e6 3. e3 Be7 4. Nd2 d5 5. Bd3 O-O 6. Ngf3 b6 7. Ne5 Bb7 8.
Qf3 Nbd7 9. Qh3 c5 10. c3 h6 11. O-O Ne4 12. Bxe4 dxe4 13. Rfd1 Nxe5 14.
dxe5 Qc7 15. Nc4 Rfd8 16. Nd6 Bxd6 17. exd6 Qc6 18. c4 Rd7 19. b3 Qc8 20.
Qg4 Kh7 21. h4 Qf8 22. h5 Rad8 23. Rd2 a5 24. Rad1 Qe8 25. Be5 Qf8 26. Bc3
Qg8 27. a3 f6 28. Qg6+ Kh8 29. Bxf6 gxf6 30. Qxh6+ Qh7 31. Qxf6+ Qg7 32.
Qxe6 Qg5 33. h6 Rh7 34. d7 Rxh6 35. Qe8+ Kg7 36. Rd6 Rh8 37. Qe6 Rh6 38.
Qxh6+ Qxh6 39. Rxh6 Kxh6 40. Rd6+ Kg7 41. g4 Kf7 42. Kg2 Ke7 43. Rxb6 Rxd7
44. Rb5 Kd6 45. Rxa5 Rg7 46. Kg3 Bc8 47. f3 exf3 48. Kxf3 Rxg4 49. Rb5 Rh4
50. a4 Rh3+ 51. Kf4 Rh4+ 52. Kf3 Rh3+ 53. Ke4 Rh4+ 54. Kd3 Bd7 55. Rb6+ Bc6
56. b4 cxb4 57. Rxb4 Kc5 58. Rb3 Bxa4 59. Rb8 Rh1 { Game drawn by mutual
agreement } 1/2-1/2

[Event "ICC tourney 2417 (40 10)"]
[Site "Internet Chess Club"]
[Date "2021.02.28"]
[Round "3"]
[White "Dragun, Kamil:Dragso95"]
[Black "HEBDEN, MARK L:mhebden"]
[Result "1-0"]
[ICCResult "Black resigns"]
[WhiteElo "2607"]
[BlackElo "2503"]
[Opening "King's Indian: Gligoric-Taimanov system"]
[ECO "E92"]
[NIC "KI.18"]
[Time "15:31:25"]
[PlyCount "107"]
[TimeControl "2400+10"]

1. d4 Nf6 2. c4 g6 3. Nc3 Bg7 4. e4 d6 5. Nf3 O-O 6. Be2 e5 7. Be3 Ng4 8.
Bg5 f6 9. Bh4 Nc6 10. d5 Ne7 11. O-O f5 12. Nd2 Nf6 13. c5 Bh6 14. Bxf6
Rxf6 15. Nc4 Kh8 16. b4 Ng8 17. a4 Rf7 18. c6 bxc6 19. Na5 Qh4 20. g3 Qh3
21. Bf3 Nf6 22. Bg2 Qg4 23. Qxg4 fxg4 24. Nxc6 Bd7 25. Rfd1 Bg5 26. Nb5
Bxc6 27. dxc6 a5 28. bxa5 Rxa5 29. Rdb1 h5 30. Ra2 Kg7 31. Nc3 Rc5 32. a5
Rxc3 33. a6 Rf8 34. a7 Ra8 35. Rb8 Rxa7 36. Rxa7 Rxc6 37. Rc8 Rc1+ 38. Bf1
Nxe4 39. Raxc7+ Rxc7 40. Rxc7+ Kf6 41. Bc4 Bd2 42. Bd5 Ng5 43. Rc4 Kf5 44.
Rc8 e4 45. Re8 Bb4 46. Kf1 Bc5 47. Ke2 Bd4 48. Bc6 Bc5 49. Rg8 Ke5 50. Rxg6
Nf3 51. Bb7 d5 52. Rh6 Nd4+ 53. Kf1 Nf5 54. Rxh5 { Black resigns } 1-0

[Event "ICC tourney 2417 (40 10)"]
[Site "Internet Chess Club"]
[Date "2021.02.28"]
[Round "3"]
[White "BELOUS, VLADIMIR:Openyagami"]
[Black "GUSEINOV, GADIR:GGuseinov"]
[Result "1-0"]
[ICCResult "Black resigns"]
[WhiteElo "2601"]
[BlackElo "2715"]
[Opening "King's Indian: 5.Nf3"]
[ECO "E90"]
[NIC "KI.22"]
[Time "15:31:15"]
[PlyCount "161"]
[TimeControl "2400+10"]

1. d4 Nf6 2. c4 g6 3. Nc3 Bg7 4. e4 d6 5. Nf3 Bg4 6. Be2 Nfd7 7. Be3 O-O 8.
Rc1 a6 9. O-O c5 10. d5 b5 11. cxb5 axb5 12. Bxb5 Ne5 13. Be2 Nxf3+ 14.
Bxf3 Bxf3 15. Qxf3 Nd7 16. Qe2 Qa5 17. Bd2 Rfb8 18. Rc2 Qa6 19. b3 Ne5 20.
Rb1 Nd3 21. a4 c4 22. Nb5 cxb3 23. Rxb3 Nc5 24. Rb4 Nxa4 25. Ra2 Qb6 26.
Raxa4 Rxa4 27. Rxa4 Qxb5 28. Qxb5 Rxb5 29. Ra8+ Bf8 30. g4 Kg7 31. Bc3+ Kg8
32. g5 Rc5 33. Ba1 Rc4 34. f3 Rc2 35. e5 dxe5 36. Bxe5 Rd2 37. d6 exd6 38.
Bf6 Re2 39. Kf1 Re6 40. Kf2 h6 41. h4 hxg5 42. hxg5 d5 43. Bb2 Re7 44. Ba3
Kg7 45. Kg3 d4 46. Bc5 d3 47. Bb4 d2 48. Bxd2 Rd7 49. Bc3+ f6 50. gxf6+ Kf7
51. Be5 Rd1 52. f4 Rg1+ 53. Kf3 Rd1 54. Ra7+ Ke6 55. Ra6+ Kf7 56. Ke4 Rd7
57. Ra1 Rb7 58. Kf3 Rd7 59. Rh1 Rd3+ 60. Kg4 Rd2 61. Rh7+ Ke6 62. Ra7 Rg2+
63. Kf3 Rd2 64. Ke4 Rd7 65. Ra8 Kf7 66. f5 gxf5+ 67. Kxf5 Rb7 68. Ra2 Rd7
69. Rh2 Bc5 70. Rh7+ Ke8 71. Rxd7 Kxd7 72. f7 Bf8 73. Kf6 Be7+ 74. Kg7 Ke6
75. Bc3 Kf5 76. Kg8 Kg6 77. Bg7 Bd6 78. Bf8 Bf4 79. Ba3 Bh6 80. Bc1 Bg7 81.
Bd2 { Black resigns } 1-0

[Event "ICC tourney 2417 (40 10)"]
[Site "Internet Chess Club"]
[Date "2021.02.28"]
[Round "3"]
[White "DENG, HENRY:SuperPuzzler"]
[Black "VAKHIDOV, JAKHONGIR:TjkTiger"]
[Result "0-1"]
[ICCResult "White resigns"]
[WhiteElo "2042"]
[BlackElo "2605"]
[Opening "Sicilian: Hungarian variation"]
[ECO "B34"]
[NIC "SI.43"]
[Time "15:40:53"]
[PlyCount "120"]
[TimeControl "2400+10"]

1. e4 c5 2. Nf3 g6 3. d4 cxd4 4. Nxd4 Bg7 5. Nc3 Nc6 6. Nb3 Nf6 7. Be2 d6
8. O-O O-O 9. Bg5 a6 10. a4 Be6 11. Kh1 h6 12. Bh4 g5 13. Bg3 d5 14. Nc5
dxe4 15. Nxe6 Qxd1 16. Raxd1 fxe6 17. Bc4 Kf7 18. f4 exf3 19. Rxf3 Rad8 20.
Re1 Nd4 21. Rf2 Rc8 22. Ba2 Rfd8 23. Be5 Ke8 24. Bxd4 Rxd4 25. Bxe6 Rcd8
26. h3 Rd2 27. Kg1 Rxf2 28. Kxf2 Nh5 29. Bf5 Nf4 30. g3 Bxc3 31. bxc3 Nd5
32. Rd1 Rd6 33. Rd3 Nb6 34. Be4 Nxa4 35. Bxb7 Nc5 36. Rxd6 exd6 37. Bd5 a5
38. Ke3 Ke7 39. Kd4 Nd7 40. Bg2 Nb6 41. c4 Na4 42. Bd5 Nc5 43. Bf3 Kd7 44.
Bd5 Kc7 45. Kc3 Kb6 46. Bf3 Nd7 47. Bg4 Ne5 48. Bh5 Kc5 49. Be8 Nxc4 50.
Kb3 Nb6 51. Ka3 Kd4 52. Bc6 Kc3 53. Be4 d5 54. Bd3 Nc4+ 55. Ka2 Ne3 56. Kb1
d4 57. Kc1 a4 58. Kb1 a3 59. h4 Nxc2 60. Bxc2 a2+ { White resigns } 0-1

[Event "ICC tourney 2417 (40 10)"]
[Site "Internet Chess Club"]
[Date "2021.02.28"]
[Round "3"]
[White "JIN, XIAODONG:SuperWJ"]
[Black "SLADE, THEODORE LUKE:MrNormalName"]
[Result "1-0"]
[ICCResult "Black resigns"]
[WhiteElo "1894"]
[BlackElo "2166"]
[Opening "Catalan: closed, 5.Nf3"]
[ECO "E06"]
[NIC "CA.05"]
[Time "15:32:07"]
[PlyCount "93"]
[TimeControl "2400+10"]

1. d4 Nf6 2. c4 e6 3. Nf3 d5 4. g3 Be7 5. Bg2 O-O 6. O-O dxc4 7. Qc2 a6 8.
a4 Bd7 9. Qxc4 Bc6 10. Bf4 Bd6 11. Qc1 a5 12. Nc3 Na6 13. Bd2 Qe7 14. Bg5
h6 15. Bxf6 Qxf6 16. e4 e5 17. dxe5 Bxe5 18. Nxe5 Qxe5 19. Qe3 Rad8 20.
Rfd1 Nb4 21. f4 Qe7 22. Qe2 Rxd1+ 23. Rxd1 Rd8 24. Kf1 b6 25. e5 Bxg2+ 26.
Kxg2 c5 27. Rxd8+ Qxd8 28. Qd1 Qe7 29. Nb5 Qe6 30. b3 c4 31. bxc4 Qxc4 32.
Qd8+ Kh7 33. Qxb6 Qc2+ 34. Kh3 Qxa4 35. Nd6 Qd7+ 36. Kg2 Qa4 37. Qb7 Qa2+
38. Kh3 Qe6+ 39. Kg2 f5 40. Qb5 Qa2+ 41. Kh3 Qb1 42. e6 Qd1 43. Qxf5+ Kh8
44. e7 Qf1+ 45. Kh4 g5+ 46. fxg5 hxg5+ 47. Qxg5 { Black resigns } 1-0

[Event "ICC tourney 2417 (40 10)"]
[Site "Internet Chess Club"]
[Date "2021.02.28"]
[Round "4"]
[White "SLADE, THEODORE LUKE:MrNormalName"]
[Black "KERR, JOSHUA MORGAN:AbleCompany"]
[Result "1-0"]
[ICCResult "Black resigns"]
[WhiteElo "2166"]
[BlackElo "1668"]
[Opening "QGD: exchange, positional line"]
[ECO "D35"]
[NIC "QO.16"]
[Time "17:47:29"]
[PlyCount "37"]
[TimeControl "2400+10"]

1. d4 d5 2. c4 e6 3. Nc3 Nf6 4. cxd5 exd5 5. Bg5 Be7 6. e3 O-O 7. Bd3 h6 8.
Bh4 c6 9. Nge2 Nbd7 10. O-O Re8 11. f3 Nf8 12. Qc2 Bd6 13. Bxf6 Qxf6 14. e4
dxe4 15. fxe4 Qh4 16. e5 Be7 17. Rf4 Qg5 18. h4 Qh5 19. Ng3 { Black resigns
} 1-0

[Event "ICC tourney 2417 (40 10)"]
[Site "Internet Chess Club"]
[Date "2021.02.28"]
[Round "4"]
[White "TANAKA, TYLER TAIRA:Moon-stone123"]
[Black "JIN, XIAODONG:SuperWJ"]
[Result "1-0"]
[ICCResult "Black resigns"]
[WhiteElo "2290"]
[BlackElo "1894"]
[Opening "Réti: King's Indian attack, Spassky's variation"]
[ECO "A05"]
[NIC "QP.11"]
[Time "17:47:09"]
[PlyCount "27"]
[TimeControl "2400+10"]

1. Nf3 Nf6 2. g3 b5 3. Bg2 Bb7 4. O-O e6 5. d3 d5 6. Nbd2 Be7 7. e4 c5 8.
Re1 dxe4 9. Ng5 Nbd7 10. Ngxe4 Qb6 11. a4 b4 12. Nc4 Qa6 13. Ned6+ Bxd6 14.
Bxb7 { Black resigns } 1-0

[Event "ICC tourney 2417 (40 10)"]
[Site "Internet Chess Club"]
[Date "2021.02.28"]
[Round "4"]
[White "REMPE, MIEKE:MChessy"]
[Black "UDOVENKO, DANIEL ALEXANDER:DanielA1926"]
[Result "1/2-1/2"]
[ICCResult "Game drawn by mutual agreement"]
[WhiteElo "1900"]
[BlackElo "1782"]
[Opening "Sicilian: Najdorf"]
[ECO "B90"]
[NIC "SI.14"]
[Time "17:47:10"]
[PlyCount "28"]
[TimeControl "2400+10"]

1. e4 c5 2. Nf3 d6 3. d4 cxd4 4. Nxd4 Nf6 5. Nc3 a6 6. a4 e6 7. Be2 Be7 8.
O-O Qc7 9. Qd3 Nbd7 10. Qg3 g6 11. f4 b6 12. Bf3 e5 13. fxe5 Nxe5 14. Bg5
Bb7 { Game drawn by mutual agreement } 1/2-1/2